 Dungeon Crawl Stone Soup version 0.29.1-15-g9cfb28693d (webtiles) character file.

Game seed: 12740872305361171734

74 Jase the Firebug (level 4, -1/33 HPs)
             Began as a Hill Orc Fire Elementalist on Apr 25, 2023.
             Slain by Grinder (6 damage)
             ... on level 3 of the Dungeon.
             The game lasted 00:07:10 (2406 turns).

Jase the Firebug (Hill Orc Fire Elementalist)       Turns: 2406, Time: 00:07:11

Health: -1/33      AC:  5    Str: 10    XL:     4   Next: 28%
Magic:  1/6        EV: 11    Int: 17    God:
Gold:   91         SH:  0    Dex: 11    Spells: 3/6 levels left

rFire   . . .      SeeInvis .   o - +1 dagger (venom)
rCold   . . .      Faith    .   (no shield)
rNeg    . . .      Spirit   .   h - +2 leather armour {Will+}
rPois   .          Reflect  .   (no helmet)
rElec   .          Harm     .   (no cloak)
rCorr   .          Rampage  .   (no gloves)
Will    +....                   (no boots)
Stlth   +.........              d - amulet of regeneration
HPRegen 0.91/turn               (no ring)
MPRegen 0.10/turn               (no ring)

@: no status effects
A: no striking features
a: no special abilities


You were on level 3 of the Dungeon.
You visited 1 branch of the dungeon, and saw 3 of its levels.

You collected 91 gold pieces.

Inventory:

Hand Weapons
 o - a +1 dagger of venom (weapon)
Missiles
 r - 2 atropa-tipped darts
Armour
 h - a +2 leather armour of willpower (worn)
Jewellery
 d - an amulet of regeneration (around neck)
Wands
 q - a wand of mindburst (15)
Scrolls
 a - a scroll of summoning {unknown}
 e - a scroll of fear {unknown}
 j - a scroll of immolation {unknown}
 k - a scroll of enchant weapon {unknown}
 m - a scroll of teleportation {unknown}
 n - 5 scrolls of identify {unknown}
 p - a scroll of poison {unknown}
Potions
 b - 2 potions of magic
 c - 2 potions of lignification {unknown}
 f - 3 potions of haste {unknown}
 g - a potion of flight {unknown}
 i - 3 potions of curing {unknown}
 l - 2 potions of attraction {unknown}
 s - a potion of degeneration {unknown}


   Skills:
 + Level 1.7 Armour
 - Level 1.5 Dodging
 - Level 1.5 Stealth
 - Level 1.5 Spellcasting
 + Level 2.5 Conjurations
 + Level 4.2 Fire Magic


You had 3 spell levels left.
You knew the following spells:

 Your Spells              Type           Power      Damage    Failure   Level
a - Foxfire               Conj/Fire      48%        2x1d6     7%          1
b - Scorch                Fire           30%        2d7       7%          2

Your spell library contained the following spells:

 Spells                   Type           Power      Damage    Failure   Level
 Conjure Flame            Conj/Fire      12%        6-21      21%         3
 Static Discharge         Conj/Air       5%         3-4/arc   24%         2
 Inner Flame              Hex/Fire       8%         N/A       32%         3
 Poisonous Vapours        Pois/Air       2%         N/A       38%         2
 Flame Wave               Conj/Fire      12%        2d6       54%         4
 Corpse Rot               Necr/Pois/Air  1%         N/A       95%         4
 Dispel Undead            Necr           1%         3d6       95%         4
 Lightning Bolt           Conj/Air       2%         1d14      99%         5
 Death Channel            Necr           0%         N/A       100%        6
 Maxwell's Capacitive Co  Air            0%         ∞         100%        8


Dungeon Overview and Level Annotations

Branches:
Dungeon (3/15)

Altars:

Annotations:
D:3 Grinder


Message History

Grinder is heavily wounded.
Grinder gestures at you.
You easily resist.
Unknown command.
You closely miss Grinder.
Grinder is heavily wounded.
The foxfire hits Grinder.
Grinder is heavily wounded.
The foxfire hits Grinder but does no damage.
Grinder is heavily wounded.
Grinder hits you!
You closely miss Grinder.
Grinder is heavily wounded.
Grinder hits you.
You barely miss Grinder.
Grinder is heavily wounded.
Grinder says, "Wait up."
Grinder hits you.
You writhe in agony.
Your magical contamination has completely faded away.
You closely miss Grinder.
Grinder is heavily wounded.
Grinder hits you!
* * * LOW HITPOINT WARNING * * *
You writhe in agony.
* * * LOW HITPOINT WARNING * * *
Unknown command.
You closely miss Grinder.
Grinder is heavily wounded.
Grinder barely misses you.
You hit Grinder.
Grinder is heavily wounded.
Grinder barely misses you.
You hit Grinder.
Grinder is poisoned.
Grinder is heavily wounded.
Grinder gestures at you. You resist with some effort.
You closely miss Grinder.
Grinder is heavily wounded.
Grinder hits you.
You die...

## ##.....# .#
#......#+##### .#
###...........)#
.#####............).#
.......##...........#
.########....)(.....#
.# ######.....<# .#
#......# .# +..@...#
>. #####..5...# ##
#<##...##### #.##..##
#.....######
#####......# ######5#
#.# #..§...#


You could see Grinder (very poisoned).

Vanquished Creatures
  3 adders (D:2)
  A worm (D:2)
  A dart slug (D:1)
  An orc (D:3)
  6 bats
  3 endoplasms
  4 giant cockroaches
  A hobgoblin (D:1)
  3 kobolds (D:2)
  3 ball pythons
  5 frilled lizards (D:2)
  6 goblins
  4 rats
41 creatures vanquished.

Vanquished Creatures (others)
  136 foxfires
136 creatures vanquished.

Grand Total: 177 creatures vanquished

Notes
Turn   | Place    | Note
-------+----------+-------------------------------------------
     0 | D:1      | Jase the Hill Orc Fire Elementalist began the quest for the
                  | Orb.
     0 | D:1      | Reached XP level 1. HP: 14/14 MP: 3/3
   402 | D:1      | Reached XP level 2. HP: 20/20 MP: 2/4
   408 | D:1      | Learned a level 2 spell: Scorch
  1183 | D:2      | Reached XP level 3. HP: 18/26 MP: 0/5
  1308 | D:2      | Reached skill level 1 in Armour
  1308 | D:2      | Reached skill level 4 in Fire Magic
  1618 | D:2      | Found a faded altar of an unknown god.
  1771 | D:2      | Reached XP level 4. HP: 33/33 MP: 4/6
  2381 | D:3      | Noticed Grinder
  2395 | D:3      | Paralysed by Grinder for 2 turns
  2406 | D:3      | Slain by Grinder

Illustrated notes

Levels and vault maps discovered:
D:1:      heliophobic_arrival_glass_houses, layout_loops_ring
D:2:      layout_rooms, ebering_ecumenical_altar_rust
D:3:      layout_basic, slow_altar_2, nicolae_overflow_squiral,
          amcnicky_mini_pool_small, minmay_misc_feat_cross, uniq_jessica,
          uniq_grinder

Skill      XL: |  1  2  3 |
---------------+----------+-----
Conjurations   | 2 |  2.5
Armour         | 1 |  1.7
Fire Magic     | 4 |  4.2
Dodging        | |  1.5
Stealth        | |  1.5
Spellcasting   | |  1.5

Action                   |  1- 3 |  4- 6 || total
-------------------------+-------+-------++-------
Melee: Unarmed           |     3 |       ||     3
       Club              |    25 |       ||    25
       Punch             |     2 |       ||     2
       Dagger            |     5 |    13 ||    18
 Cast: Foxfire           |    51 |    26 ||    77
       Scorch            |       |     1 ||     1
 Stab: Sleeping          |     1 |       ||     1
Armor: Leather armour    |    19 |     1 ||    20
Dodge: Dodged            |    36 |     4 ||    40
